 Dungeon Crawl Stone Soup version bcrawl-1.38.3 (webtiles) character file.

Game seed: 7935155540044090237

13595426 vcxz the Axe Maniac (level 27, -1/321 HPs)
             Began as a Naga Archaeologist on June 21, 2023.
             Was the Champion of Cheibriados.
             Slain by a reaper
             ... wielding a +2 scythe of protection
             ... summoned by a guardian mummy's death curse
              (13 damage)
             ... on level 22 of a ziggurat.
             The game lasted 02:03:03 (52353 turns).

vcxz the Axe Maniac (Naga Archaeologist)           Turns: 52353, Time: 02:03:04

Health: -1/321     AC: 28    Str: 36      XL:     27
Magic:  10/37      EV: 32    Int: 54      God:    Cheibriados [******]
Gold:   5870       SH:  0    Dex: 40 (41) Spells: 17/46 levels left

rFire    + + .     GDR:     44% w - +3 battleaxe "Earthworm" {vamp, Dex+3}
rCold    + . .     SeeInvis +   (shield currently unavailable)
rNeg     + + +     Gourm    .   b - +3 faerie dragon scales {rCorr Dex+7 Stlth- Clar}
rPois    ∞         Faith    .   A - +1 helmet {Int+3}
rElec    +         Spirit   .   W - +2 cloak {MR+}
rCorr    +         Reflect  .   h - +0 pair of fencer's gloves {Riposte Dex+6}
MR       ++...     Clarity  +   y - -3 barding of the Ladybird {rCorr Str+3}
Stlth    +++.......             P - amulet "Ziuteule" {Regen +Inv rF+ Slay+3}
HPRegen  0.93/turn              d - ring "Earthly Heaven" {Wiz rElec rPois rF+ rN+ Str-2}
MPRegen  0.25/turn              Z - ring "Nukkup" {Str+4 Int+6}

@: brilliant, lich-form, vulnerable, very slightly contaminated, slowed,
studying 6 skills, deflect missiles, very slow
A: large, tail, swims, stinger 1, see invisible, deformed body, mutation
resistance 1, poison resistance, robust 1, slowness 2, slow metabolism 1, spit
poison 1, constrict 1, AC +9
}: 6/15 runes: serpentine, barnacled, slimy, silver, abyssal, dark
a: Spit Poison, End Transformation, Bend Time, Defer, Temporal Distortion, Step
From Time, Renounce Religion, Evoke Invisibility


You were on level 22 of a ziggurat.
You worshipped Cheibriados.
Cheibriados was exalted by your worship.
You were not hungry.
You were a lich.
You visited 12 branches of the dungeon, and saw 45 of its levels.
You visited Pandemonium 1 time, and saw 2 of its levels.
You visited the Abyss 3 times.
You visited 1 bazaar.
You visited 1 ziggurat, and saw 22 of its levels.

You collected 9075 gold pieces.
You spent 3205 gold pieces at shops.

Inventory:

Hand Weapons
 w - the +3 battleaxe "Earthworm" (weapon) {vamp, Dex+3}
   (You found it on level 9 of the Dungeon)

   It inflicts no extra harm, but heals its wielder when it wounds a living foe.
   It affects your dexterity (+3).
 E - a +9 executioner's axe of protection
 M - the cursed +4 dagger "Morg" {pain, MR+ Int+12 *Curse}
   (You found it on level 20 of a ziggurat)

   In the hands of one skilled in necromantic magic, it inflicts extra damage on
   living creatures.
   It affects your intelligence (+12).
   It affects your resistance to hostile enchantments.
   It curses itself when equipped.
   It has a curse placed upon it.
 X - a +3 broad axe of electrocution
Armour
 b - the +3 faerie dragon scales (worn) {rCorr Dex+7 Stlth- Clar}
   (You took it off the Enchantress on level 2 of the Depths)

   It affects your dexterity (+7).
   It protects you against confusion.
   It provides partial protection from all sources of acid and corrosion.
   It makes you less stealthy.
 h - the +0 pair of fencer's gloves (worn) {Riposte Dex+6}
   (You acquired it on level 3 of the Dungeon)

   It affects your dexterity (+6).
 y - the -3 barding of the Ladybird (worn) {rCorr Str+3}
   (You acquired it on level 1 of the Shoals)

   It affects your strength (+3).
   It provides partial protection from all sources of acid and corrosion.
 A - a +1 helmet of intelligence (worn)
 W - a +2 cloak of magic resistance (worn)
Jewellery
 d - the ring "Earthly Heaven" (left hand) {Wiz rElec rPois rF+ rN+ Str-2}
   (You bought it in a shop in a bazaar)

   [ring of wizardry]

   It improves your spell success rate.
   It affects your strength (-2).
   It protects you from fire.
   It insulates you from electricity.
   It protects you from poison.
   It protects you from negative energy.
 u - the macabre finger necklace {rN+}
   (You found it on level 5 of the Pits of Slime)

   [amulet of nothing]

   It protects you from negative energy.
 P - the amulet "Ziuteule" (around neck) {Regen +Inv rF+ Slay+3}
   (You bought it in a shop on level 1 of the Elven Halls)

   [amulet of regeneration]

   It affects your accuracy and damage with ranged weapons and melee attacks
   (+3).
   It protects you from fire.
   It lets you turn invisible.
 Z - the ring "Nukkup" (right hand) {Str+4 Int+6}
   (You found it on level 3 of the Depths)

   [ring of strength]

   It affects your strength (+4).
   It affects your intelligence (+6).
Wands
 i - a wand of digging (39)
 R - a wand of acid (12)
Scrolls
 a - 10 scrolls of blinking
 c - 3 scrolls of noise
 f - 11 scrolls of immolation
 g - 6 scrolls of magic mapping
 l - 5 scrolls of fear
 m - 10 scrolls of enchant weapon
 n - 32 scrolls of remove curse
 r - 32 scrolls of teleportation
 v - 11 scrolls of amnesia
 B - 2 scrolls of torment
 G - 10 scrolls of vulnerability
 J - 14 scrolls of fog
 T - 5 scrolls of enchant armour
 V - a scroll of silence
Potions
 j - 9 potions of curing
 o - 4 potions of haste
 p - 3 potions of might
 t - 3 potions of mutation
 x - 6 potions of cancellation
 C - 4 potions of berserk rage
 F - 4 potions of brilliance
 H - 3 potions of lignification
 L - 2 potions of agility
 N - 8 potions of flight
Miscellaneous
 k - a lightning rod (4/4)
 I - a sack of spiders
 O - 3 phantom mirrors
Comestibles
 e - 96 rations {!d}


   Skills:
 + Level 25.8 Fighting
 + Level 2.6 Short Blades
 O Level 27 Axes
   Level 2.0(18.8) Maces & Flails
 - Level 4.0 Slings
 + Level 14.8 Dodging
 - Level 4.8 Stealth
 + Level 10.2 Spellcasting
 - Level 18.1 Necromancy
 - Level 17.5 Transmutations
 + Level 10.9 Air Magic
 - Level 25.5 Earth Magic
 - Level 2.4 Evocations


You had 17 spell levels left.
You knew the following spells:

 Your Spells              Type           Power        Failure   Level  Hunger
a - Necromutation         Tmut/Necr      ########     1%          8    N/A
b - Shatter               Erth           ########..   1%          9    N/A
c - Iron Shot             Conj/Erth      ########..   1%          6    N/A
d - Deflect Missiles      Chrm/Air       #######...   1%          6    N/A

Your spell library contained the following spells:

 Spells                   Type           Power        Failure   Level  Hunger
 Beastly Appendage        Tmut           ######       0%          1    N/A
 Necrotize                Necr           ######       0%          1    N/A
 Sandblast                Erth           ######       0%          1    N/A
 Static Discharge         Air            ######       0%          1    N/A
 Corpse Rot               Necr           N/A          0%          2    N/A
 Passwall                 Tmut/Erth      ########     0%          2    N/A
 Sticks to Snakes         Tmut           ########     0%          2    N/A
 Sublimation of Blood     Necr           #########.   0%          2    N/A
 Stone Arrow              Conj/Erth      ######       0%          3    N/A
 Agony                    Necr           ########     0%          4    N/A
 Animate Dead             Necr           N/A          0%          4    N/A
 Petrify                  Tmut/Erth      ########..   0%          4    N/A
 Blade Hands              Tmut           ########..   0%          5    N/A
 Dispel Undead            Necr           ########     0%          5    N/A
 Lee's Rapid Deconstruct  Erth           ########..   0%          5    N/A
 Borgnjor's Vile Clutch   Necr/Erth      #########.   0%          6    N/A
 Statue Form              Tmut/Erth      ########.    0%          6    N/A
 Apportation              Tloc           ######       1%          1    N/A
 Flame Tongue             Conj/Fire      #####        1%          1    N/A
 Freeze                   Ice            ######       1%          1    N/A
 Infusion                 Chrm           ######..     1%          1    N/A
 Magic Dart               Conj           ####         1%          1    N/A
 Slow                     Hex            ######..     1%          1    N/A
 Sting                    Conj/Pois      ####         1%          1    N/A
 Summon Butterflies       Summ           ######..     1%          1    N/A
 Summon Small Mammal      Summ           ####         1%          1    N/A
 Blink                    Tloc           N/A          1%          2    N/A
 Call Imp                 Summ           ######       1%          2    N/A
 Ensorcelled Hibernation  Hex/Ice        ######       1%          2    N/A
 Flaming Arrows           Chrm/Fire      ######..     1%          2    N/A
 Poisonous Vapours        Pois/Air       ######       1%          2    N/A
 Searing Ray              Conj           ######..     1%          2    N/A
 Shock                    Conj/Air       #######      1%          2    N/A
 Swiftness                Chrm/Air       #######.     1%          2    N/A
 Throw Frost              Conj/Ice       ######       1%          2    N/A
 Beckoning                Tloc           ######....   1%          3    N/A
 Call Canine Familiar     Summ           ######..     1%          3    N/A
 Confuse                  Hex            ######..     1%          3    N/A
 Conjure Flame            Conj/Fire      ######..     1%          3    N/A
 Dazzling Orbs            Conj/Hex       ######.      1%          3    N/A
 False Image              Hex/Summ       ######..     1%          3    N/A
 Ignite Poison            Fire/Tmut/Pois #######.     1%          3    N/A
 Inner Flame              Hex/Fire       N/A          1%          3    N/A
 Iskenderun's Mystic Bla  Conj           ######..     1%          3    N/A
 Mephitic Cloud           Conj/Pois/Air  #######.     1%          3    N/A
 Ozocubu's Armour         Chrm/Ice       ######..     1%          3    N/A
 Portal Projectile        Tloc           ######       1%          3    N/A
 Recall                   Summ/Tloc      N/A          1%          3    N/A
 Regeneration             Chrm/Necr      ########..   1%          3    N/A
 Spider Form              Tmut/Pois      ###          1%          3    N/A
 Tukima's Dance           Hex            ######..     1%          3    N/A
 Airstrike                Air            ########..   1%          4    N/A
 Cause Fear               Hex            ######....   1%          4    N/A
 Force Lance              Tloc           ######..     1%          4    N/A
 Fulminant Prism          Conj/Hex       ######....   1%          4    N/A
 Ice Form                 Ice/Tmut       ########     1%          4    N/A
 Lightning Bolt           Conj/Air       #######.     1%          4    N/A
 Olgreb's Toxic Radiance  Pois           ######...    1%          4    N/A
 Sticky Flame             Conj/Fire      ######..     1%          4    N/A
 Summon Ice Beast         Ice/Summ       ######..     1%          4    N/A
 Summon Scorpions         Summ/Pois      ######..     1%          4    N/A
 Throw Icicle             Conj/Ice       ######..     1%          4    N/A
 Tree Form                Hex/Tmut       N/A          1%          4    N/A
 Yara's Violent Unravell  Hex/Tmut       ########..   1%          4    N/A
 Bolt of Draining         Conj/Necr      ########..   1%          5    N/A
 Bolt of Magma            Conj/Fire/Erth ########..   1%          5    N/A
 Fireball                 Conj/Fire      ######....   1%          5    N/A
 Freezing Cloud           Ice/Air        #######.     1%          5    N/A
 Irradiate                Conj/Tmut      ########..   1%          5    N/A
 Iskenderun's Battlesphe  Conj/Chrm      ######..     1%          5    N/A
 Metabolic Englaciation   Hex/Ice        ######....   1%          5    N/A
 Passage of Golubria      Tloc           N/A          1%          5    N/A
 Piercing Shot            Chrm           ######....   1%          5    N/A
 Silence                  Hex/Air        #######...   1%          5    N/A
 Steam Barrier            Chrm/Fire      ######....   1%          5    N/A
 Summon Forest            Summ/Tloc      ######....   1%          5    N/A
 Summon Mana Viper        Hex/Summ       ######..     1%          5    N/A
 Venom Bolt               Conj/Pois      ######....   1%          5    N/A
 Conjure Ball Lightning   Conj/Air       #######...   1%          6    N/A
 Death Channel            Chrm/Necr      ########..   1%          6    N/A
 Infestation              Hex/Tmut/Pois  #######..    1%          6    N/A
 Simulacrum               Ice/Necr       ########     1%          6    N/A
 Dragon Form              Tmut           #######      1%          7    N/A
 Haunt                    Necr/Summ      ########..   1%          7    N/A
 Borgnjor's Revivificati  Necr           #########.   1%          8    N/A
 Aura of Abjuration       Summ           ######....   5%          6    N/A
 Bolt of Cold             Conj/Ice       ######....   5%          6    N/A
 Bolt of Fire             Conj/Fire      ######....   5%          6    N/A
 Dispersal                Tloc           ######....   5%          6    N/A
 Invisibility             Hex            ######..     5%          6    N/A
 Ozocubu's Refrigeration  Ice            ######....   5%          6    N/A
 Poison Arrow             Conj/Pois      ######....   5%          6    N/A
 Summon Hydra             Summ           ######....   5%          6    N/A
 Virulence                Hex/Pois       ######..     5%          6    N/A
 Chain Lightning          Conj/Air       #######...   19%         8    N/A
 Tornado                  Tloc/Air       #######...   19%         8    N/A
 Controlled Blink         Tloc           ######..     22%         7    N/A
 Discord                  Hex            ######....   22%         7    N/A
 Icicle Burst             Conj/Ice       ######....   22%         7    N/A
 Malign Gateway           Summ/Tloc      ######....   22%         7    N/A
 Mana Rupture             Conj/Hex       ######....   22%         7    N/A
 Monstrous Menagerie      Summ           ######....   22%         7    N/A
 Orb of Destruction       Conj           ######....   22%         7    N/A
 Shadow Creatures         Summ           N/A          22%         7    N/A
 Spellforged Servitor     Conj/Summ      ######....   22%         7    N/A
 Summon Greater Demon     Summ           ######....   22%         7    N/A
 Ignition                 Fire           ######....   75%         8    N/A
 Summon Horrible Things   Summ           ######....   75%         8    N/A
 Time Stop                Chrm/Tloc      N/A          75%         8    N/A
 Dragon's Call            Summ           ######....   100%        9    N/A
 Fire Storm               Conj/Fire      ######....   100%        9    N/A

Dungeon Overview and Level Annotations

Branches:
Dungeon (12/12)            Temple (1/1) D:7            Lair (6/6) D:9
 Shoals (3/3) Lair:3        Snake (3/3) Lair:2        Slime (5/5) Lair:6
    Orc (1/1) D:10            Elf (3/3) Orc          Vaults (3/3) D:11
  Crypt (2/2) Vaults:2       Tomb (0/3) Crypt:2      Depths (5/5) D:12
   Hell (1/1)                 Dis (0/2) Hell            Geh (0/2) Hell
    Coc (0/2) Hell            Tar (0/2) Hell            Zot (0/5) Depths:5

Altars:
Ashenzari
Cheibriados
Dithmenos
Gozag
Hepliaklqana
Kikubaaqudgha
Lugonu
Makhleb
Nemelex Xobeh
Okawaru
Qazlal
Ru
Sif Muna
Trog
Uskayaw
Vehumet
Wu Jian
Xom
Yredelemnul
Jiyva

Shops:
D:5 [?[::   D:7 (!   D:8 :   D:9 =   D:12 !   Orc *(:}(   Elf:1 =   Elf:2 [:=
Snake:1 (   Vaults:1 ?   Vaults:3 (   Depths:1 (::

Portals:
Hell: Depths:1 Depths:2 Depths:3 Depths:4 Depths:5
Abyss: Depths:2 Depths:4
Pandemonium: Depths:3

Annotations:
D:12 Roxanne


Innate Abilities, Weirdness & Mutations

You cannot wear boots.
You can swim through water.
Your serpentine skin is tough. (AC +9)
You have supernaturally acute eyesight. (SInv)
Armour fits poorly on your strangely shaped body.
Your system is resistant to poisons. (rPois)
You cover ground very slowly.
You have a slow metabolism.
You can spit poison.
You can use your snake-like lower body to constrict enemies.
Your tail ends in a poisonous barb.
You are somewhat resistant to further mutation.
You are robust. (+10% HP)


Message History

The caustic shrike skeleton is almost destroyed.
You slice the shadow!! You slash the shadow!
You constrict the caustic shrike skeleton!
The caustic shrike skeleton claws you but does no damage.
The shadow completely misses you. x2; You riposte.
You slice the shadow!!
You destroy the shadow!
You slash the caustic shrike skeleton!
You destroy the caustic shrike skeleton!
You slash the shadow!
You destroy the shadow!
The mummy priest utters an invocation to its god.
No path to travel!
Wield which item (- for none, * to show all)? (? for menu, Esc to quit)
Your +9 executioner's axe of protection goes still.
You feel agile.
You feel an empty sense of dread.
w - the +3 battleaxe "Earthworm" (weapon)
{vamp, Dex+3} The reaper says, "Everyone has to die sometime, and your time is now."
The reaper hits you from afar with a +2 scythe of protection!
You die...

▓▓........WsVszs
▓▓........§MyMWss
▓▓.........§sssMWZ
▓▓?..........3ZMZs.
▓▓%[).........MzZ.W.
▓▓))?:.........MZ....
▓▓∩)|=?......Z..4M....
▓)>?|)|2.........4....
▓▓∩=[LnMW.............
▓▓"}[).W.............
▓▓?)?...........###.
▓▓.......... #G#.
▓▓......... ##.
▓▓........ ..
▓▓....... . ▓.....


You could see a reaper, a mummy priest, a freezing wraith, a wraith and a
necrophage.

Vanquished Creatures
  the Royal Jelly (Slime:5)
  4 pandemonium lords
  Gloorx Vloq (Pan)
  7 juggernauts
  Mennas (Depths:3)
  Mara (Elf:3)
  4 ancient liches
  the Enchantress (Depths:2)
  Sojobo (Depths:3)
  9 greater mummies (Zig:22)
  3 Killer Klowns
  3 golden dragons
  3 shard shrikes (Zig:20)
  A curse toe (Crypt:2)
  Saint Roka (Elf:2)
  Geryon (Hell)
  Frederick (Depths:3)
  3 caustic shrikes
  2 bone dragons
  8 pearl dragons (Zig:21)
  Nikola (Vaults:1)
  3 Brimstone Fiends
  3 hellephants (Zig:16)
  6 tentacled monstrosities
  6 Ice Fiends
  15 liches
  2 Hell Sentinels
  3 titans
  A quicksilver dragon (Zig:10)
  3 deep elf blademasters
  Asterion (Vaults:1)
  5 ancient champions (Crypt:2)
  5 deep elf master archers
  16 Executioners
  22 acid blobs
  Polyphemus (Shoals:3)
  5 sphinxes
  A shadow dragon (shapeshifter) (Zig:6)
  8 shadow dragons
  6 storm dragons
  9 tentacled starspawn
  3 ghouls
  Donald (Shoals:2)
  8 apis (Zig:21)
  9 tengu reavers
  9 nagarajas
  8 draconian knights
  15 frost giants
  4 daevas (Zig:21)
  5 balrugs
  14 fire giants
  12 azure jellies
  7 war gargoyles
  An iron golem (Hell)
  4 ghost moths
  A caustic shrike zombie (Zig:22)
  9 deep elf sorcerers
  3 iron dragons
  2 draconian monks (Zig:18)
  3 cacodemons
  5 curse skulls
  An emperor scorpion (Zig:14)
  A juggernaut zombie (Zig:22)
  2 warmongers
  21 ironheart preservers
  10 angels (Zig:21)
  26 vault wardens
  30 stone giants
  6 orc warlords
  29 very ugly things
  4 deep elf elementalists (Elf:3)
  10 reapers
  3 draconian shifters (Zig:18)
  5 spriggan defenders
  8 draconian annihilators
  5 draconian stormcallers (Zig:18)
  4 draconian scorchers
  2 blood saints
  8 ophanim (Zig:21)
  9 jiangshi
  5 vampire knights
  A dire elephant (shapeshifter) (Zig:6)
  2 green draconians
  4 black suns
  8 deep elf demonologists
  4 bennus (Zig:22)
  11 deep elf annihilators
  2 corrupters
  3 red draconians
  The ghost of fifreuwaquouxo3460 the End of an Era, a journeyman TrMo of Qazlal (Lair:4)
  7 lorocyprocas
  2 purple draconians (Zig:18)
  3 white draconians
  A yellow draconian (Zig:18)
  9 spark wasps
  4 entropy weavers
  17 dire elephants
  4 eidola
  A black draconian (Zig:18)
  21 ettins
  9 blizzard demons
  4 merfolk javelineers
  9 deep elf death magi
  11 deep elf high priests
  8 green deaths
  7 merfolk impalers
  3 crystal guardians
  A quicksilver dragon zombie (Zig:22)
  11 mummy priests (Zig:22)
  15 fire dragons
  11 yaktaur captains
  The ghost of fifreuwaquouxo3460 the Bringer of Light, a journeyman TrMo of the Shining One (D:7)
  3 quicksilver dragon skeletons
  16 rakshasas
  A ghost crab (Zig:15)
  8 hydras
  13 naga warriors
  A juggernaut simulacrum (Vaults:1)
  Erica (D:10)
  20 ice dragons
  A shambling mangrove (Zig:15)
  7 spriggan air magi
  33 vault guards
  6 merfolk aquamancers
  3 merfolk avatars (Shoals:3)
  2 caustic shrike simulacra (Zig:20)
  7 catoblepae
  The ghost of SansUndertale the Covert, a novice NaMA of Wu Jian (D:7)
  15 great orbs of eyes
  11 shadow wraiths
  26 two-headed ogres
  4 anacondas
  2 death scarabs (Zig:22)
  7 deep troll shamans
  The ghost of Cris the Destroyer, a novice GnCj of Sif Muna (Lair:1)
  8 death oozes (Slime:5)
  14 ogre magi
  2 alligators
  3 satyrs (Shoals:3)
  3 death knights
  11 deep troll earth magi
  7 sea snakes
  12 hell hogs
  15 naga sharpshooters
  5 orc high priests (Zig:17)
  20 death yaks
  A sea snake (shapeshifter) (Elf:1)
  31 dancing weapons
  6 tengu warriors
  6 vampire magi
  24 thrashing horrors
  4 shock serpents
  A titan zombie (Zig:22)
  5 ironheart beastmasters
  4 spriggan berserkers
  The ghost of kosoiffoigrumme1174 the Grim Reaper, a novice TrAc of Yredelemnul (D:7)
  12 sun demons
  19 soul eaters
  The ghost of Cris the Blocker, a novice GnFi of Qazlal (D:7)
  43 centaur warriors
  23 deep elf knights
  24 deep trolls
  3 iron trolls
  A titan skeleton (Crypt:2)
  The ghost of Mehrunes the Cudgeler, a novice DgFi of Demigod (D:7)
  4 goliath frogs
  A storm dragon skeleton (Zig:22)
  14 wretched stars
  An anaconda zombie (Hell)
  9 hell knights
  3 skeletal warriors
  9 sixfirhies
  4 death drakes
  2 gelid demonspawn (Pan)
  4 spatial maelstroms (Abyss:5)
  4 salamander mystics
  An unseen horror (shapeshifter) (Vaults:2)
  6 unseen horrors
  2 spriggan druids
  7 naga ritualists
  25 large abominations
  10 flayed ghosts
  4 shadow demons
  7 glowing orange brains
  2 torturous demonspawn
  5 swamp dragons
  A kraken simulacrum (Hell)
  6 cherubim (Zig:21)
  3 infernal demonspawn (Pan)
  A lindwurm (shapeshifter) (Depths:4)
  5 wolf spider zombies
  15 deep elf archers
  18 ironheart convokers
  4 obsidian statues
  5 orange crystal statues
  2 golden dragon skeletons
  A cyclops (shapeshifter) (Vaults:1)
  2 harpies (shapeshifter)
  2 shadow dragon zombies
  10 wizards
  7 phantasmal warriors
  7 orc knights
  A sphinx zombie (Crypt:1)
  5 wolf spiders (Zig:14)
  7 mana vipers
  21 harpies
  22 fauns
  7 cyclopes
  61 deep elf magi
  6 necromancers
  24 ugly things
  An orb spider (Zig:14)
  A frost giant zombie (Hell)
  5 shining eyes
  A salamander (shapeshifter) (Depths:1)
  2 fire giant zombies (Hell)
  5 moths of wrath
  12 manticores
  4 apocalypse crabs (Abyss:5)
  4 orc sorcerers
  13 salamanders
  A shining eye (shapeshifter) (Depths:4)
  A faun (shapeshifter) (Zig:19)
  2 worldbinders
  6 elephants
  7 rust devils
  2 fire giant skeletons
  35 naga magi
  3 stone giant skeletons (Pan)
  A titan simulacrum (Zig:20)
  4 merfolk sirens
  3 frost giant skeletons
  An ice statue (Hell)
  3 iron dragon skeletons (Pan)
  13 vault sentinels
  25 black mambas
  4 will-o'-wisps (Abyss:1)
  10 smoke demons
  4 water nymphs
  A guardian serpent (shapeshifter) (Depths:5)
  23 cane toads
  A molten gargoyle (Hell)
  8 torpor snails
  7 guardian serpents
  A cane toad (shapeshifter) (Vaults:3)
  A gargoyle (D:9)
  3 jumping spiders (Zig:14)
  7 freezing wraiths
  An emperor scorpion zombie (Crypt:1)
  3 orange demons
  2 kobold demonologists (D:12)
  21 komodo dragons
  A shock serpent skeleton (Pan)
  11 rime drakes
  34 yaktaurs
  A rime drake (shapeshifter) (Depths:2)
  3 efreet
  19 guardian mummies (Zig:22)
  5 hellions
  An anaconda simulacrum (Hell)
  A swamp worm zombie (Crypt:2)
  6 eyes of draining
  5 demonic crawlers
  2 tormentors
  A komodo dragon (shapeshifter) (D:12)
  6 flying skulls
  A green draconian skeleton (Crypt:2)
  A jumping spider (shapeshifter) (Depths:5)
  5 tengu conjurers
  7 ancient zymes
  8 ice devils
  4 hellwings
  A harpy zombie (Crypt:1)
  A meliai (shapeshifter) (Elf:1)
  40 merfolk
  3 polar bears
  4 red devils
  7 trolls
  A tengu simulacrum (Vaults:2)
  7 hornets
  2 shadow dragon simulacra (Zig:20)
  3 wind drakes
  13 raiju
  6 bog bodies
  A wind drake (shapeshifter) (Depths:4)
  100 slime creatures
  17 hippogriffs
  A raiju (shapeshifter) (Zig:13)
  4 hydra skeletons
  10 snapping turtles
  2 tyrant leeches (Zig:15)
  A dream sheep (shapeshifter) (Vaults:3)
  9 blink frogs
  3 dream sheep (Shoals:1)
  Grum (Lair:5)
  2 shadows
  3 alligator skeletons
  An ettin skeleton (Pan)
  A black mamba zombie (Hell)
  An ice dragon skeleton (Pan)
  3 fire dragon skeletons
  6 spriggans
  4 ynoxinuls
  4 tarantellas (Zig:14)
  15 wyverns
  A yak (shapeshifter) (Depths:1)
  5 air elementals
  9 wraiths
  Sigmund (D:5)
  12 fire elementals
  17 humans (D:11)
  18 water elementals
  A tarantella (shapeshifter) (D:12)
  6 basilisks
  5 fire bats (Abyss:4)
  39 yaks
  8 ushabtiu (Zig:22)
  7 golden eyes
  A human (shapeshifter) (Zig:13)
  17 chaos spawn
  A steam dragon (Lair:3)
  3 redbacks (Zig:14)
  A wind drake skeleton (Crypt:2)
  5 hungry ghosts
  A neqoxec (Abyss:3)
  4 vampire mosquitoes
  4 wargs
  A swamp worm (shapeshifter) (Abyss:4)
  14 water moccasins
  13 crocodiles
  4 spatial vortices (Abyss:5)
  A water nymph zombie (Crypt:2)
  5 acid dragons
  40 nagas
  A hell hound (Lair:5)
  2 cane toad zombies (Hell)
  A hydra simulacrum (Hell)
  A water moccasin (shapeshifter) (Depths:5)
  13 porcupines
  2 floating eyes
  3 swamp drakes (Zig:10)
  The ghost of kosoiffoigrumme1174 the Ruffian, an amateur TrAc (D:3)
  2 hornet zombies
  3 ice beasts (Zig:20)
  40 orc warriors
  3 soldier ants (D:8)
  2 black bears (D:9)
  2 cane toad skeletons
  A black bear (shapeshifter) (Zig:13)
  2 phantoms
  12 wolves
  A necrophage (D:8)
  40 ogres
  22 boggarts
  A snapping turtle skeleton (Pan)
  A hog zombie (Crypt:2)
  A swamp dragon skeleton (Hell)
  A manticore skeleton (Pan)
  14 bullfrogs
  A yaktaur zombie (Vaults:1)
  A kobold brigand (D:4)
  4 earth elementals
  A hippogriff skeleton (Crypt:1)
  A salamander skeleton (Crypt:1)
  A centaur (shapeshifter) (Abyss:4)
  15 centaurs
  19 small abominations
  5 scorpions
  The ghost of PlayerOfArmor the Skirmisher, a weakling MiFi (D:3)
  17 killer bees
  11 wights
  2 electric eels
  3 howler monkeys
  8 orc priests
  54 starcursed masses
  10 crimson imps
  A jelly (shapeshifter) (Abyss:3)
  4 quasits
  2 human simulacra (Vaults:1)
  A yaktaur simulacrum (Vaults:1)
  14 jellies
  Crazy Yiuf (D:3)
  A gnoll shaman (D:7)
  5 hounds
  A bullfrog skeleton (D:8)
  3 iron imps (Hell)
  22 orc wizards
  3 iguanas
  Ijyb (D:5)
  An iguana (shapeshifter) (D:12)
  4 hell rats (Lair:6)
  A human skeleton (Crypt:1)
  15 worker ants
  A felid skeleton (Crypt:2)
  A demigod skeleton (Crypt:1)
  An ogre skeleton (Pan)
  A hound skeleton (D:5)
  A hound zombie (D:9)
  16 mummies (Zig:22)
  2 worker ant zombies
  15 adders
  6 gnolls
  A howler monkey skeleton (Crypt:2)
  6 shadow imps
  3 white imps
  An ufetubus (Abyss:3)
  12 oozes
  A halfling skeleton (Crypt:2)
  2 adder skeletons
  An adder zombie (D:7)
  A worm (shapeshifter) (Elf:1)
  4 worms
  5 dart slugs
  6 leopard geckos
  68 orcs
  6 bats
  7 giant cockroaches
  5 goblins
  6 hobgoblins
  13 jackals
  5 kobolds
  5 quokkas
  2 ball pythons
  3 frilled lizards
  A frilled lizard skeleton (Crypt:2)
  A giant cockroach zombie (Crypt:2)
  A kobold skeleton (Pan)
  A quokka skeleton (D:6)
  10 rats
  5 fire vortices (Crypt:2)
  6 fungi
  A lurking horror (Abyss:2)
  15 plants
  14 starspawn tentacles
3114 creatures vanquished.

Vanquished Creatures (collateral kills)
  A warmonger (Zig:12)
  A reaper (Zig:12)
  A deep elf annihilator (Zig:19)
  An orb spider (Zig:14)
4 creatures vanquished.

Vanquished Creatures (others)
  Xtahua (Crypt:2)
  A shard shrike (Zig:20)
  A storm dragon (Vaults:3)
  A stone giant (Vaults:3)
  A blood saint (Zig:11)
  A reaper (Hell)
  A merfolk javelineer (Shoals:3)
  A vault guard (Vaults:3)
  A sea snake (Shoals:1)
  A thrashing horror (Abyss:5)
  A swamp dragon (Zig:15)
  2 deep elf archers
  A necromancer (D:11)
  4 deep elf magi
  2 large abominations (Abyss:5)
  6 will-o'-wisps (Elf:2)
  A rime drake (Zig:10)
  A komodo dragon (shapeshifter) (Vaults:3)
  A yaktaur (Vaults:1)
  4 flying skulls (Abyss:5)
  A merfolk (Shoals:3)
  A slime creature (Zig:15)
  2 air elementals (Zig:19)
  2 water elementals
  2 small abominations (Abyss:5)
  2 nagas (Snake:3)
  An acid dragon (Zig:10)
  A hound skeleton (Crypt:2)
  A shadow imp (Depths:3)
  An ufetubus (Depths:3)
  An orc (Elf:2)
  10 bushes (Abyss:5)
  A fire vortex (Crypt:2)
  19 fungi
  3 lurking horrors
  24 plants
  13 starspawn tentacles
  5 withered plants (D:3)
123 creatures vanquished.

Grand Total: 3241 creatures vanquished

Notes
Turn   | Place    | Note
-------+----------+-------------------------------------------
     0 | D:1      | vcxz the Naga Archaeologist began the quest for the Orb.
     0 | D:1      | Reached XP level 1. HP: 18/18 MP: 1/1
    49 | D:1      | Reached XP level 2. HP: 21/25 MP: 2/2
   462 | D:1      | Reached XP level 3. HP: 31/31 MP: 3/3
  1377 | D:2      | Reached XP level 4. HP: 39/39 MP: 4/4
  1761 | D:3      | Reached skill level 1 in Evocations
  1968 | D:3      | Reached XP level 5. HP: 37/45 MP: 6/6
  1968 | D:3      | Identified a scroll of acquirement
  1976 | D:3      | Identified the +6 morningstar "Temoic" {pain, rPois Int+3}
                  | (You acquired it on level 3 of the Dungeon)
  1977 | D:3      | Found the +0 pair of fencer's gloves {Riposte Dex+6}
  2113 | D:3      | Found a runed translucent gate.
  2115 | D:3      | Found a runed translucent gate.
  2116 | D:3      | Found a runed translucent gate.
  2117 | D:3      | Noticed PlayerOfArmor's ghost (weakling MiFi)
  2118 | D:3      | Noticed kosoiffoigrumme1174's ghost (amateur TrAc)
  2169 | D:3      | Noticed an ogre
  2176 | D:3      | Killed an ogre
  2399 | D:3      | Reached XP level 6. HP: 40/52 MP: 3/7
  2470 | D:3      | Found a runed door.
  2558 | D:3      | Found a hide-covered altar of Uskayaw.
  3136 | D:4      | Reached skill level 5 in Dodging
  3245 | D:4      | Reached XP level 7. HP: 54/58 MP: 5/8
  3958 | D:5      | Entered Level 5 of the Dungeon
  4061 | D:5      | Found Aroot's Armour Shop.
  4084 | D:5      | Found Kaadim's Book Shop.
  4086 | D:5      | Found Watheag's Magic Scroll Shop.
  4087 | D:5      | Found Qogrone's Book Shop.
  4090 | D:5      | Bought a +2 troll leather armour for 297 gold pieces
  4105 | D:5      | Found Ecillapt's Antique Armour Emporium.
  4113 | D:5      | Noticed Sigmund
  4126 | D:5      | Killed Sigmund
  4127 | D:5      | Reached XP level 8. HP: 63/66 MP: 7/9
  4335 | D:5      | Noticed Ijyb
  4355 | D:5      | Paralysed by Ijyb for 2 turns
  4365 | D:5      | Killed Ijyb
  4511 | D:5      | Found a radiant altar of Vehumet.
  5055 | D:6      | Noticed a hippogriff
  5066 | D:6      | Killed a hippogriff
  5067 | D:6      | Reached XP level 9. HP: 70/73 MP: 7/10
  5547 | D:7      | Reached skill level 10 in Dodging
  5628 | D:7      | Found a runed translucent gate.
  5773 | D:7      | Found a staircase to the Ecumenical Temple.
  5781 | Temple   | Entered the Ecumenical Temple
  6068 | Temple   | Became a worshipper of Cheibriados the Contemplative
  6168 | D:7      | Reached XP level 10. HP: 80/80 MP: 11/11
  6357 | D:7      | Reached * piety under Cheibriados
  6384 | D:7      | Found Lenooxys's Antique Weapon Boutique.
  6438 | D:7      | Found Oskota's Distillery.
  6517 | D:7      | Found a runed translucent gate.
  6517 | D:7      | Found a runed translucent gate.
  6517 | D:7      | Noticed fifreuwaquouxo3460's ghost (journeyman TrMo)
  6518 | D:7      | Noticed Cris's ghost (novice GnFi)
  6518 | D:7      | Noticed kosoiffoigrumme1174's ghost (novice TrAc)
  6518 | D:7      | Noticed SansUndertale's ghost (novice NaMA)
  6518 | D:7      | Noticed Mehrunes's ghost (novice DgFi)
  6785 | D:3      | Noticed Crazy Yiuf
  6789 | D:3      | Killed Crazy Yiuf
  6892 | D:5      | Bought a thick robe for 136 gold pieces
  6917 | D:5      | Identified the cursed +0 robe "Cownuotz" {rF- MR++ Str+3}
                  | (You bought it in a shop on level 5 of the Dungeon)
  7275 | D:8      | Reached skill level 1 in Axes
  7292 | D:8      | Reached ** piety under Cheibriados
  7293 | D:8      | Reached skill level 2 in Axes
  7394 | D:8      | Reached skill level 3 in Axes
  7407 | D:8      | Reached skill level 4 in Axes
  7444 | D:8      | Found Daeheqy's Book Shop.
  7528 | D:8      | Reached skill level 5 in Axes
  7753 | D:9      | Found an opulent altar of Gozag.
  7843 | D:9      | Found Moerhick's Jewellery Shoppe.
  7846 | D:9      | Reached XP level 11. HP: 90/93 MP: 12/12
  7970 | D:9      | Reached skill level 5 in Fighting
  7970 | D:9      | Reached skill level 6 in Axes
  8005 | D:9      | Reached *** piety under Cheibriados
  8074 | D:9      | Noticed a catoblepas
  8088 | D:9      | Killed a catoblepas
  8114 | D:9      | Got an encrusted battleaxe
  8186 | D:9      | Identified the +3 battleaxe "Earthworm" {vamp, Dex+3} (You
                  | found it on level 9 of the Dungeon)
  8219 | D:9      | Reached skill level 7 in Axes
  8273 | D:9      | Noticed a two-headed ogre
  8277 | D:9      | Killed a two-headed ogre
  8282 | D:9      | Noticed a two-headed ogre
  8289 | D:9      | Killed a two-headed ogre
  8290 | D:9      | Reached skill level 8 in Axes
  8339 | D:9      | Found a staircase to the Lair.
  8339 | D:9      | Reached **** piety under Cheibriados
  8853 | Lair:1   | Entered Level 1 of the Lair of Beasts
  8866 | Lair:1   | Reached skill level 9 in Axes
  9067 | Lair:1   | Reached skill level 10 in Axes
  9208 | Lair:1   | Reached XP level 12. HP: 109/109 MP: 13/13
  9400 | Lair:1   | Found a runed translucent gate.
  9400 | Lair:1   | Found a runed translucent gate.
  9401 | Lair:1   | Found a runed translucent gate.
  9401 | Lair:1   | Noticed Cris's ghost (novice GnCj)
  9654 | Lair:2   | Got a shimmering chain mail
  9683 | Lair:2   | Noticed an eight-headed hydra
  9689 | Lair:2   | Killed a three-headed hydra
  9689 | Lair:2   | Reached ***** piety under Cheibriados
  9690 | Lair:2   | Reached skill level 11 in Axes
  9778 | Lair:2   | Reached skill level 12 in Axes
  9828 | Lair:2   | Noticed a four-headed hydra
  9838 | Lair:2   | Killed a one-headed hydra
 10040 | Lair:2   | Found a staircase to the Snake Pit.
 10336 | Lair:2   | Reached skill level 13 in Axes
 10553 | Lair:3   | Identified the cursed +0 chain mail "Mucke" {MR- Dex+5}
                  | (You found it on level 2 of the Lair of Beasts)
 10658 | Lair:3   | Gained mutation: You can use your snake-like lower body to
                  | constrict enemies. [Naga growth]
 10658 | Lair:3   | Reached XP level 13. HP: 117/117 MP: 12/14
 10953 | Lair:3   | Found a staircase to the Shoals.
 11161 | Lair:3   | Reached skill level 14 in Axes
 11593 | Lair:4   | Reached ****** piety under Cheibriados
 11944 | Lair:4   | Found a runed translucent door.
 11945 | Lair:4   | Noticed a dire elephant
 11946 | Lair:4   | Noticed fifreuwaquouxo3460's ghost (journeyman TrMo)
 12304 | Lair:5   | Reached skill level 15 in Axes
 12462 | Lair:5   | Noticed Grum
 12469 | Lair:5   | Killed Grum
 12988 | Lair:6   | Entered Level 6 of the Lair of Beasts
 13051 | Lair:6   | Found a staircase to the Slime Pits.
 13052 | Lair:6   | Found a viscous altar of Jiyva.
 13059 | Lair:6   | Reached skill level 16 in Axes
 13061 | Lair:6   | Reached XP level 14. HP: 118/127 MP: 12/15
 13464 | Lair:6   | Reached skill level 17 in Axes
 13775 | Lair:6   | Noticed a dire elephant
 13787 | Lair:6   | Killed a dire elephant
 14100 | Lair:6   | Found the +7 Kryia's mail coat {PotionHeal*2 rC+ RMsl}
 14780 | D:3      | Killed PlayerOfArmor's ghost
 14788 | D:3      | Killed kosoiffoigrumme1174's ghost
 14965 | D:7      | Killed fifreuwaquouxo3460's ghost
 14967 | D:7      | Killed Mehrunes's ghost
 14968 | D:7      | Reached skill level 18 in Axes
 14969 | D:7      | Killed SansUndertale's ghost
 14972 | D:7      | Killed kosoiffoigrumme1174's ghost
 14980 | D:7      | Killed Cris's ghost
 14981 | D:7      | Reached XP level 15. HP: 107/138 MP: 12/16
 15204 | D:8      | Bought a book of Transfigurations for 770 gold pieces
 15213 | D:8      | Learned a level 8 spell: Necromutation
 15444 | D:10     | Entered Level 10 of the Dungeon
 15493 | D:10     | Reached skill level 1 in Necromancy
 15653 | D:10     | Noticed Erica
 15659 | D:10     | Killed Erica
 15660 | D:10     | Reached skill level 1 in Transmutations
 15905 | D:10     | Found a staircase to the Orcish Mines.
 16505 | D:11     | Reached skill level 5 in Necromancy
 16627 | D:11     | Found a gate to the Vaults.
 16705 | D:11     | Reached skill level 5 in Transmutations
 17114 | D:12     | Entered Level 12 of the Dungeon
 17222 | D:12     | Noticed Roxanne
 17331 | D:12     | Found Canomuin's Distillery.
 17820 | D:12     | Found a staircase to the Depths.
 18103 | Orc      | Entered the Orcish Mines
 18103 | Orc      | Found Dudeczif's General Store.
 18106 | Orc      | Reached XP level 16. HP: 146/146 MP: 17/17
 18232 | Orc      | Found Puig's Gadget Boutique.
 18232 | Orc      | Found Teiroz's Book Shoppe.
 18358 | Orc      | Found Pomuloing's Antique Weapon Shop.
 18362 | Orc      | Found Piler's Weapon Emporium.
 18493 | Orc      | Found a staircase to the Elven Halls.
 18649 | Orc      | Found a roughly hewn altar of Beogh.
 19000 | Snake:1  | Entered Level 1 of the Snake Pit
 19088 | Snake:1  | Got an ichor-stained flail
 19375 | Snake:1  | Found Koleof's Antique Weapon Boutique.
 19571 | Lair:1   | Killed Cris's ghost
 19572 | Lair:1   | Reached skill level 10 in Necromancy
 19683 | Lair:4   | Killed fifreuwaquouxo3460's ghost
 19846 | Snake:2  | Noticed a nagaraja
 19876 | Snake:2  | Killed a nagaraja
 20026 | Snake:2  | Reached skill level 10 in Transmutations
 20065 | Snake:2  | Noticed a nagaraja
 20074 | Snake:2  | Killed a nagaraja
 20206 | Snake:2  | Noticed a nagaraja
 20214 | Snake:2  | Killed a nagaraja
 20279 | Snake:2  | Identified the +8 flail of Evisceration {antimagic, rF+++
                  | Int+5 SInv Stlth-} (You found it on level 1 of the Snake
                  | Pit)
 20296 | Snake:2  | Reached skill level 1 in Spellcasting
 20356 | Snake:2  | Reached XP level 17. HP: 152/152 MP: 13/18
 20677 | Snake:3  | Entered Level 3 of the Snake Pit
 21159 | Snake:3  | Got a serpentine rune of Zot
 21951 | Shoals:1 | Entered Level 1 of the Shoals
 22280 | Shoals:1 | Reached XP level 18. HP: 160/160 MP: 20/20
 22397 | Shoals:1 | Identified the -3 barding of the Ladybird {rCorr Str+3}
                  | (You acquired it on level 1 of the Shoals)
 22397 | Shoals:1 | Identified the ring "Edyul" {Fire rElec Int-5 Slay+5
                  | Stlth-} (You acquired it on level 1 of the Shoals)
 22397 | Shoals:1 | Identified the Incunabulum of Damaging Venom (You acquired
                  | it on level 1 of the Shoals)
 23277 | Shoals:2 | Noticed Donald
 23286 | Shoals:2 | Killed Donald
 24025 | Shoals:3 | Entered Level 3 of the Shoals
 24124 | Shoals:3 | Reached skill level 15 in Necromancy
 24147 | Shoals:3 | Got a barnacled rune of Zot
 24359 | Shoals:3 | Noticed Polyphemus
 24384 | Shoals:3 | Killed Polyphemus
 24574 | Shoals:3 | Identified the ring of Gehigo {*Slow +Blink +Fly SInv}
 24631 | Shoals:3 | Reached XP level 19. HP: 168/168 MP: 19/21
 24633 | Shoals:3 | Reached skill level 15 in Transmutations
 25356 | Vaults:1 | Entered Level 1 of the Vaults
 25852 | Vaults:1 | Noticed Asterion
 25864 | Vaults:1 | Killed Asterion
 26041 | Vaults:1 | Identified the +8 great sword "Vammaqet" {flame, rN+ MR+
                  | Str+6}
 26078 | Vaults:1 | Reached XP level 20. HP: 176/176 MP: 15/23
 26531 | Vaults:1 | Found Onaloi Tidu's Magic Scroll Shoppe.
 26555 | Vaults:1 | Bought a scroll of enchant armour for 120 gold pieces
 26555 | Vaults:1 | Bought a scroll of blinking for 120 gold pieces
 26561 | Vaults:1 | Noticed Nikola
 26617 | Vaults:1 | Killed Nikola
 27011 | Vaults:2 | Found a flickering gateway to a bazaar.
 27016 | Bazaar   | Entered a bazaar
 27016 | Bazaar   | Found Urotutimp's Food Shoppe.
 27016 | Bazaar   | Found Fekhlasu's Jewellery Shop.
 27018 | Bazaar   | Found Letaokh's Weapon Shop.
 27066 | Bazaar   | Found Cuexeo's Gadget Emporium.
 27075 | Bazaar   | Found Nadghippu's Book Shop.
 27112 | Bazaar   | Bought the ring "Earthly Heaven" {Wiz rElec rPois rF+ rN+
                  | Str-2} for 578 gold pieces
 27592 | Vaults:2 | Identified Sif Muna's Guide on Supportive Aid
 27627 | Vaults:2 | Learned a level 9 spell: Shatter
 27713 | Vaults:2 | Reached skill level 1 in Earth Magic
 27961 | Vaults:2 | Reached skill level 5 in Earth Magic
 27967 | Vaults:2 | Found a staircase to the Crypt.
 28068 | Vaults:2 | Identified the cursed amulet of Tiysiusu {Inacc rC- Str+2
                  | Dex+4}
 28121 | Vaults:2 | Noticed a Brimstone Fiend
 28159 | Vaults:2 | Reached XP level 21. HP: 172/182 MP: 20/24
 28816 | Elf:1    | Entered Level 1 of the Elven Halls
 28962 | Elf:1    | Reached skill level 10 in Earth Magic
 29057 | Elf:1    | Identified the Volume of Summoning
 29516 | Elf:1    | Found Maefrav's Jewellery Emporium.
 29521 | Elf:1    | Bought the amulet "Ziuteule" {Regen +Inv rF+ Slay+3} for
                  | 984 gold pieces
 29691 | Elf:2    | Found Pefruff's Antique Armour Shoppe.
 29722 | Elf:2    | Bought a runed scarf for 200 gold pieces
 29945 | Elf:2    | Found Kainkomn's Book Boutique.
 30179 | Elf:2    | Found Rimifron's Jewellery Emporium.
 30208 | Elf:2    | Identified the +10 morningstar "Duorucw" {speed, *Contam
                  | +Blink rElec Str+4}
 30220 | Elf:2    | Identified the cursed +0 long sword of Bread {distort,
                  | Dex+3}
 30253 | Elf:2    | Found a runed gate.
 30253 | Elf:2    | Found a runed gate.
 30253 | Elf:2    | Found a runed gate.
 30494 | Elf:2    | Noticed Saint Roka
 30508 | Elf:2    | Killed Saint Roka
 30831 | Elf:3    | Entered Level 3 of the Elven Halls
 31448 | Elf:3    | Noticed Mara
 31459 | Elf:3    | Noticed vcxz's illusion
 31463 | Elf:3    | Noticed vcxz's illusion
 31463 | Elf:3    | Killed Mara
 31508 | Elf:3    | Reached XP level 22. HP: 178/190 MP: 14/25
 31531 | Elf:3    | Reached skill level 15 in Earth Magic
 31912 | Elf:3    | Identified the cursed ring of Neusol {rElec Str-3 Dex+2
                  | Stlth--}
 32313 | Elf:3    | Identified Sif Muna's Guide on Displaced Flight
 32334 | Elf:3    | Identified the +11 flail of Cowardice {crush, rF+}
 32373 | Elf:3    | Identified the Papyrus of Boosts and Air
 32382 | Elf:3    | Identified the +9 war axe of Karma {chop, rPois rN+ Dex-3}
 32779 | Crypt:1  | Entered Level 1 of the Crypt
 32779 | Crypt:1  | Found an ancient bone altar of Kikubaaqudgha.
 32925 | Crypt:1  | Identified the +6 short sword of Nyuneung {protect, *Contam
                  | MR+ MP+9 Dex+3 SInv}
 33448 | Crypt:2  | Entered Level 2 of the Crypt
 33523 | Crypt:2  | Noticed a curse toe
 33536 | Crypt:2  | Killed a curse toe
 33588 | Crypt:2  | Identified the ring of Ipom {rN+ Int+4}
 33637 | Crypt:2  | Identified the Compendium of Focus
 33641 | Crypt:2  | Noticed an ancient lich
 33749 | Crypt:2  | Reached XP level 23. HP: 198/198 MP: 26/26
 34084 | Crypt:2  | Noticed Xtahua
 34109 | Crypt:2  | Killed Xtahua
 34110 | Crypt:2  | Found the +6 fire dragon scales of Xtahua {rF+++ rC- MR+}
 34212 | Crypt:2  | Found a staircase to the Tomb.
 34400 | Crypt:2  | Killed an ancient lich
 34428 | Crypt:2  | Identified the +5 battleaxe of Blood {venom, Dex+2}
 34431 | Crypt:2  | Identified the ring of Qihooh {rF- rN+ MP+9 Dex+3}
 34747 | Vaults:3 | Entered Level 3 of the Vaults
 34978 | Vaults:3 | Found Lutewolu's Antique Weapon Shoppe.
 34978 | Vaults:3 | Identified the +9 morningstar "Ricum Koum" {freeze, rElec}
 35024 | Vaults:3 | Identified the cursed +0 robe of Fashionability {rCorr}
 35106 | Vaults:3 | Reached XP level 24. HP: 205/205 MP: 26/26
 35163 | Vaults:3 | Identified the +12 hunting sling "Zescher" {flame, Str+4}
 35457 | Vaults:3 | Noticed a juggernaut
 35485 | Vaults:3 | Killed a juggernaut
 35486 | Vaults:3 | Reached skill level 1 in Short Blades
 35594 | Vaults:3 | Identified the +1 plate armour of Rovugg {+Fly rN+ Str-5
                  | Int+5}
 36115 | Vaults:3 | Identified the +6 scimitar of Honesty {elec, Stlth+}
 36322 | Vaults:3 | Got a silver rune of Zot
 36527 | Vaults:3 | Identified the +7 battleaxe of the Dove {drain, +Blink
                  | +Rage rC++ Int-5}
 36695 | Depths:1 | Entered Level 1 of the Depths
 36700 | Depths:1 | Found Vufeujo's Book Boutique.
 36702 | Depths:1 | Found Matimer's Book Shop.
 36707 | Depths:1 | Found Fynite's Weapon Boutique.
 36845 | Depths:1 | Found a gateway to Hell.
 36917 | Depths:1 | Identified the cursed ring of the Leaf {rElec Stlth--}
 36980 | Depths:1 | Learned a level 6 spell: Iron Shot
 37069 | Depths:1 | Reached XP level 25. HP: 206/212 MP: 26/26
 37074 | Depths:1 | Found a snail-covered altar of Cheibriados.
 37435 | Depths:2 | Identified the +3 faerie dragon scales {rCorr Dex+7 Stlth-
                  | Clar}
 37435 | Depths:2 | Noticed the Enchantress
 37438 | Depths:2 | Killed the Enchantress
 37852 | Depths:2 | Identified the +4 plate armour "Hoyts" {MR++}
 37980 | Depths:2 | Found a one-way gate to the infinite horrors of the Abyss.
 38539 | Depths:3 | Noticed Frederick
 38541 | Depths:3 | Noticed Sojobo
 38545 | Depths:3 | Killed Frederick
 38555 | Depths:3 | Killed Sojobo
 39164 | Depths:3 | Noticed Mennas
 39180 | Depths:3 | Killed Mennas
 39230 | Depths:3 | Reached skill level 10 in Fighting
 39421 | Depths:3 | Reached XP level 26. HP: 216/220 MP: 26/26
 39473 | Depths:3 | Identified the ring of Temptation {*Tele Int+4}
 39474 | Depths:3 | Identified the amulet "Cotiaj" {Regen Slay+5}
 39491 | Depths:3 | Reached skill level 19 in Axes
 39502 | Depths:3 | Identified the ring of Fifot {Int+2 Stlth++}
 39516 | Depths:3 | Identified the ring "Nukkup" {Str+4 Int+6}
 39751 | Depths:3 | Found a one-way gate leading to the halls of Pandemonium.
 39757 | Pan      | Entered the realm of Gloorx Vloq.
 39757 | Pan      | Entered Pandemonium
 40136 | Pan      | Learned a level 3 spell: Regeneration
 40431 | Pan      | Noticed Gloorx Vloq
 40625 | Pan      | Reached skill level 20 in Axes
 40639 | Pan      | Killed Gloorx Vloq
 40745 | Pan      | Got a dark rune of Zot
 41195 | Pan      | Noticed Fisaa the pandemonium lord
 41206 | Pan      | Killed Fisaa the pandemonium lord
 41319 | Pan      | Reached XP level 27. HP: 236/236 MP: 26/26
 41362 | Pan      | Learned a level 6 spell: Deflect Missiles
 41472 | Pan      | Reached skill level 1 in Air Magic
 41853 | Abyss:1  | Escaped into the Abyss
 41853 | Abyss:1  | Found a corrupted altar of Lugonu.
 41897 | Abyss:1  | Found a roughly hewn altar of Beogh.
 42007 | Abyss:2  | Identified the Tome of Enhancements
 42017 | Abyss:2  | Identified Beakefun's Handbook of Lightness
 42018 | Abyss:2  | Identified the Collected Works on the Arsonist
 42030 | Abyss:2  | Identified the Reference Book on Beguiling
 42032 | Abyss:2  | Identified the Grimoire of the Special Liches
 42045 | Abyss:2  | Identified the Incunabulum of Calling
 42049 | Abyss:2  | Identified the Tome of Frigorific Enchantment
 42052 | Abyss:2  | Identified the Catalogue of Flight
 42105 | Abyss:2  | Identified Raukoi's Grimoire of the Glacier
 42174 | Abyss:2  | Reached skill level 5 in Air Magic
 42612 | Abyss:4  | Found a corrupted altar of Lugonu.
 42731 | Abyss:4  | Got an abyssal rune of Zot
 42821 | Depths:3 | Escaped the Abyss
 42871 | Depths:3 | Escaped the Abyss
 42932 | Depths:3 | Found a gateway to a ziggurat.
 42976 | Depths:3 | Reached skill level 21 in Axes
 43144 | Abyss:4  | Found a corrupted altar of Lugonu.
 43192 | Abyss:5  | Entered Level 5 of the Abyss
 43192 | Abyss:5  | Entered Level 5 of the Abyss
 43662 | Abyss:5  | Paralysed by accursed screaming for 1 turns
 43721 | Abyss:5  | Paralysed by accursed screaming for 1 turns
 43950 | Abyss:5  | Reached skill level 22 in Axes
 43967 | Depths:3 | Escaped the Abyss
 44701 | Depths:4 | Paralysed by a floating eye for 2 turns
 44798 | Depths:4 | Noticed a Killer Klown
 44803 | Depths:4 | Noticed a Killer Klown
 44805 | Depths:4 | Noticed an ancient lich
 44808 | Depths:4 | Killed a Killer Klown
 44815 | Depths:4 | Killed a Killer Klown
 44820 | Depths:4 | Killed an ancient lich
 44905 | Depths:4 | Found the +9 sword of Zonguldrok {reap}
 45118 | Depths:5 | Entered Level 5 of the Depths
 45135 | Depths:5 | Reached skill level 23 in Axes
 45396 | Depths:5 | Reached skill level 15 in Fighting
 45402 | Depths:5 | Noticed a Killer Klown
 45412 | Depths:5 | Killed a Killer Klown
 45644 | Depths:5 | Found a gate to the Realm of Zot.
 46500 | Slime:1  | Entered Level 1 of the Pits of Slime
 46935 | Slime:3  | Reached skill level 24 in Axes
 47779 | Slime:5  | Entered Level 5 of the Pits of Slime
 47814 | Slime:5  | Noticed the Royal Jelly
 47835 | Slime:5  | Killed the Royal Jelly
 47974 | Slime:5  | Found the macabre finger necklace {rN+}
 48090 | Slime:5  | Got a slimy rune of Zot
 48116 | Slime:5  | Identified the +7 hand crossbow of the Neverending Mice
                  | {flame, rElec Dex+6}
 48118 | Slime:5  | Identified the cursed +0 pair of boots of Duty {rElec Str+4
                  | Dex+3}
 48152 | Slime:5  | Identified the +2 robe "Lacuizic" {rPois rF+}
 48451 | Hell     | Entered the Vestibule of Hell
 48451 | Hell     | Noticed Geryon
 48464 | Hell     | Killed Geryon
 48690 | Hell     | Found a gateway to the freezing wastes of Cocytus.
 48762 | Hell     | Reached skill level 25 in Axes
 48861 | Hell     | Found a gateway to the Iron City of Dis.
 48937 | Hell     | Found a gateway to the decaying netherworld of Tartarus.
 48998 | Hell     | Found a gateway to the ashen valley of Gehenna.
 49153 | Zig:1    | Entered Level 1 of a ziggurat
 49171 | Zig:1    | Identified the +1 barding of the Engineer {rC+} (You
                  | acquired it on level 1 of a ziggurat)
 49171 | Zig:1    | Identified Voerch's Papyrus of Ghastly Boosts (You acquired
                  | it on level 1 of a ziggurat)
 49195 | Zig:2    | Entered Level 2 of a ziggurat
 49198 | Zig:2    | Noticed Suipla the pandemonium lord
 49208 | Zig:2    | Killed Suipla the pandemonium lord
 49238 | Zig:3    | Entered Level 3 of a ziggurat
 49253 | Zig:3    | Identified the cursed +0 glaive of Tender Mercy {freeze,
                  | rF+ Int+4 Dex+4}
 49271 | Zig:4    | Entered Level 4 of a ziggurat
 49275 | Zig:4    | Found the +8 storm bow {lightning, rElec Stlth-}
 49294 | Zig:5    | Entered Level 5 of a ziggurat
 49340 | Zig:6    | Entered Level 6 of a ziggurat
 49373 | Zig:6    | Identified the cursed +1 short sword of the Hills {vamp,
                  | MR- Int+5}
 49380 | Zig:6    | Identified the ring "Dexarel" {Dex+3 Stlth--}
 49387 | Zig:7    | Entered Level 7 of a ziggurat
 49433 | Zig:8    | Entered Level 8 of a ziggurat
 49492 | Zig:8    | Identified the amulet "Moubriew" {Inacc rN++ Int-3}
 49512 | Zig:9    | Entered Level 9 of a ziggurat
 49697 | Zig:9    | Identified the cursed ring of the Hart {*Drain rElec rPois
                  | Stlth--}
 49727 | Zig:10   | Entered Level 10 of a ziggurat
 49776 | Zig:10   | Noticed a golden dragon
 49849 | Zig:10   | Identified the +8 mace of Huamil {crush, rPois rF+ Dex+2}
 49854 | Zig:10   | Identified the cursed +0 ring mail of Veskum {MR+ Dex+4}
 49901 | Zig:11   | Entered Level 11 of a ziggurat
 49905 | Zig:11   | Noticed Xahurerph the pandemonium lord
 49913 | Zig:11   | Reached skill level 26 in Axes
 49913 | Zig:11   | Killed Xahurerph the pandemonium lord
 50019 | Zig:11   | Identified the ring "Woumussu" {+Fly Str+3}
 50066 | Zig:12   | Entered Level 12 of a ziggurat
 50075 | Zig:12   | Noticed Jaarghazxu the pandemonium lord
 50087 | Zig:12   | Killed Jaarghazxu the pandemonium lord
 50116 | Zig:12   | Identified the amulet "Wuck" {Inacc Int+3}
 50330 | Zig:12   | Identified the amulet "Lepriuf" {Spirit SInv}
 50362 | Zig:13   | Entered Level 13 of a ziggurat
 50366 | Zig:13   | Noticed a golden dragon
 50367 | Zig:13   | Noticed an ancient lich
 50367 | Zig:13   | Noticed a golden dragon
 50367 | Zig:13   | Noticed an ancient lich
 50379 | Zig:13   | Killed an ancient lich
 50380 | Zig:13   | Killed a golden dragon
 50385 | Zig:13   | Killed an ancient lich
 50390 | Zig:13   | Killed a golden dragon
 50429 | Zig:13   | Identified the Reference Book on Supportive Lightness
 50436 | Zig:13   | Gained mutation: You have a pair of small horns on your
                  | head. [potion of mutation]
 50436 | Zig:13   | Gained mutation: You have an increased reservoir of magic.
                  | (+10% MP) [potion of mutation]
 50436 | Zig:13   | Gained mutation: You possess an exceptional clarity of
                  | mind. [potion of mutation]
 50437 | Zig:13   | Lost mutation: You have a pair of small horns on your head.
                  | [potion of mutation]
 50437 | Zig:13   | Lost mutation: You possess an exceptional clarity of mind.
                  | [potion of mutation]
 50437 | Zig:13   | Lost mutation: You have an increased reservoir of magic.
                  | (+10% MP) [potion of mutation]
 50437 | Zig:13   | Gained mutation: Your flesh is cold resistant. (rC+)
                  | [potion of mutation]
 50437 | Zig:13   | Gained mutation: You tend to lose your temper in combat.
                  | [potion of mutation]
 50437 | Zig:13   | Gained mutation: You can exhale a cloud of poison. [potion
                  | of mutation]
 50438 | Zig:13   | Lost mutation: You tend to lose your temper in combat.
                  | [potion of mutation]
 50438 | Zig:13   | Lost mutation: You can exhale a cloud of poison. [potion of
                  | mutation]
 50438 | Zig:13   | Lost mutation: Your flesh is cold resistant. (rC+) [potion
                  | of mutation]
 50438 | Zig:13   | Gained mutation: You can translocate small distances at
                  | will. [potion of mutation]
 50438 | Zig:13   | Gained mutation: Your tail ends in a poisonous barb.
                  | [potion of mutation]
 50439 | Zig:13   | Lost mutation: Your tail ends in a poisonous barb. [potion
                  | of mutation]
 50439 | Zig:13   | Lost mutation: You can translocate small distances at will.
                  | [potion of mutation]
 50439 | Zig:13   | Gained mutation: You are dopey. (Int -2) [potion of
                  | mutation]
 50439 | Zig:13   | Gained mutation: You possess an exceptional clarity of
                  | mind. [potion of mutation]
 50439 | Zig:13   | Gained mutation: You evolve. [potion of mutation]
 50440 | Zig:13   | Lost mutation: You possess an exceptional clarity of mind.
                  | [potion of mutation]
 50440 | Zig:13   | Lost mutation: You evolve. [potion of mutation]
 50440 | Zig:13   | Gained mutation: You are clumsy. (Dex -2) [potion of
                  | mutation]
 50440 | Zig:13   | Lost mutation: You are dopey. (Int -2) [potion of mutation]
 50441 | Zig:13   | Lost mutation: You are clumsy. (Dex -2) [potion of
                  | mutation]
 50441 | Zig:13   | Gained mutation: You are robust. (+10% HP) [potion of
                  | mutation]
 50441 | Zig:13   | Gained mutation: You are somewhat resistant to further
                  | mutation. [potion of mutation]
 50441 | Zig:13   | Gained mutation: Your tail ends in a poisonous barb.
                  | [potion of mutation]
 50461 | Zig:14   | Entered Level 14 of a ziggurat
 50483 | Zig:14   | Reached skill level 27 in Axes
 50759 | Zig:14   | Identified Uzxypu's Volume of Attacks
 50770 | Zig:14   | Identified the +0 short sword "Upegaco" {holy, rPois Int+4}
 50809 | Zig:15   | Entered Level 15 of a ziggurat
 50820 | Zig:15   | Noticed a golden dragon
 50832 | Zig:15   | Killed a golden dragon
 50886 | Zig:15   | Identified the +6 long sword "Foinea" {vamp, Dex+3}
 50889 | Zig:15   | Identified the +5 spear "Killer Klown's Peril" {holy, rElec
                  | rF+ rN+}
 50931 | Zig:16   | Entered Level 16 of a ziggurat
 51013 | Zig:16   | Identified the +3 spear "Sarcophage" {drain, rN+++ Int+4
                  | Stlth-}
 51014 | Zig:16   | Identified the +8 trident "Himm" {speed, rF+ Str+2}
 51016 | Zig:16   | Identified the +8 hunting sling of the Foremost Brambles
                  | {flame, rF++ Str-3 Stlth+}
 51030 | Zig:17   | Entered Level 17 of a ziggurat
 51032 | Zig:17   | Noticed a juggernaut
 51034 | Zig:17   | Noticed a juggernaut
 51034 | Zig:17   | Noticed a juggernaut
 51039 | Zig:17   | Noticed a juggernaut
 51040 | Zig:17   | Killed a juggernaut
 51044 | Zig:17   | Killed a juggernaut
 51045 | Zig:17   | Killed a juggernaut
 51051 | Zig:17   | Noticed a juggernaut
 51066 | Zig:17   | Killed a juggernaut
 51068 | Zig:17   | Noticed a juggernaut
 51079 | Zig:17   | Killed a juggernaut
 51080 | Zig:17   | Killed a juggernaut
 51181 | Zig:17   | Identified the ring of Lupijic {rN+ MR+ Str+5 Stlth+}
 51183 | Zig:17   | Identified the ring of Ylapt {Fire rPois Int+4 Slay-4}
 51269 | Zig:18   | Entered Level 18 of a ziggurat
 51393 | Zig:18   | Identified the ring "Areff" {Int+3 Stlth--}
 51397 | Zig:18   | Identified the +4 shortbow of Defiance {velocity, *Slow
                  | +Fly rC+ Int+3 Dex+5}
 51409 | Zig:18   | Identified the +6 rapier of Gluttony {drain, rF- Str+4
                  | Int+2 Dex+6}
 51435 | Zig:19   | Entered Level 19 of a ziggurat
 51475 | Zig:19   | Reached skill level 10 in Air Magic
 51680 | Zig:19   | Identified the Guide on Toxic Protection
 51682 | Zig:19   | Identified the cursed +3 spear of Fejiri {pierce, *Contam
                  | +Blink rPois Int+5}
 51696 | Zig:19   | Identified the amulet of Dim Light {Faith Slay+2}
 51769 | Zig:20   | Entered Level 20 of a ziggurat
 51869 | Zig:20   | Found the cursed +4 dagger "Morg" {pain, MR+ Int+12 *Curse}
 51877 | Zig:20   | Identified the ring "Vuneq" {+Fly Str+2}
 51887 | Zig:20   | Identified the +8 chain mail of Olla {rPois Dex+2}
 51888 | Zig:20   | Identified Sacov's Papyrus of Unstable Companions
 51893 | Zig:20   | Identified the ring of the Townfolk {*Tele rF++ Slay+3}
 51938 | Zig:21   | Entered Level 21 of a ziggurat
 51972 | Zig:21   | Reached skill level 5 in Spellcasting
 52216 | Zig:21   | Identified the +8 eveningstar of Unpleasantness {holy,
                  | *Contam +Blink MR+ Int+4}
 52222 | Zig:21   | Identified the Incunabulum of Ashen Evil Secrets
 52237 | Zig:21   | Identified the +7 whip "Catahau" {antimagic, MR+ Dex-3
                  | Stlth+}
 52239 | Zig:21   | Identified the +4 chain mail of the Beekeeper {rC+ Regen+}
 52252 | Zig:21   | Identified the cursed +1 leather armour of the Desert
                  | {Str+2 Int-3 SInv}
 52302 | Zig:22   | Entered Level 22 of a ziggurat
 52306 | Zig:22   | Paralysed by a floating eye for 3 turns
 52308 | Zig:22   | Noticed a greater mummy
 52309 | Zig:22   | Noticed a greater mummy
 52310 | Zig:22   | Noticed a greater mummy
 52310 | Zig:22   | Paralysed by a floating eye for 3 turns
 52310 | Zig:22   | Noticed a greater mummy
 52311 | Zig:22   | Noticed a greater mummy
 52314 | Zig:22   | Paralysed by a floating eye for 3 turns
 52316 | Zig:22   | Noticed a greater mummy
 52316 | Zig:22   | Noticed a greater mummy
 52318 | Zig:22   | Killed a greater mummy
 52318 | Zig:22   | Killed a greater mummy
 52320 | Zig:22   | Noticed a greater mummy
 52321 | Zig:22   | Killed a greater mummy
 52322 | Zig:22   | Killed a greater mummy
 52324 | Zig:22   | Noticed a greater mummy
 52325 | Zig:22   | Killed a greater mummy
 52326 | Zig:22   | Killed a greater mummy
 52327 | Zig:22   | Killed a greater mummy
 52342 | Zig:22   | Reached skill level 10 in Spellcasting
 52346 | Zig:22   | Killed a greater mummy
 52346 | Zig:22   | Killed a greater mummy
 52347 | Zig:22   | HP: 16/321 [mummy priest/divine providence (11)]
 52353 | Zig:22   | Slain by a reaper

Skill      XL: |  1  2  3  4  5  6  7  8  9 10 11 12 13 14 15 16 17 18 19 20 21 22 23 24 25 26 27 |
---------------+----------------------------------------------------------------------------------+-----
Dodging        | 3 4 5 7 9 11 12 14 | 14.8
Maces & Flails | 2 |  2.0
Evocations     | 2 |  2.4
Fighting       | 4 7 8 9 10 12 25 | 25.8
Axes           | 5 10 13 16 18 20 27 | 27.0
Necromancy     | 8 11 13 15 17 18 | 18.1
Transmutations | 7 10 13 14 16 17 | 17.5
Spellcasting   | 1 2 10 | 10.2
Earth Magic    | 8 14 18 20 23 25 | 25.5
Short Blades   | 1 2 |  2.6
Air Magic      | 10 | 10.9
Slings         | 4 |  4.0
Stealth        | |  4.8

Action                   |  1- 3 |  4- 6 |  7- 9 | 10-12 | 13-15 | 16-18 | 19-21 | 22-24 | 25-27 || total
-------------------------+-------+-------+-------+-------+-------+-------+-------+-------+-------++-------
Melee: Whip              |   175 |   181 |    49 |       |       |       |       |       |       ||   405
       Long sword        |       |       |   255 |   180 |       |       |       |       |       ||   435
       Battleaxe         |       |       |       |   150 |   480 |   634 |   883 |   947 |  2110 ||  5204
       War axe           |       |       |       |    17 |     3 |       |       |       |       ||    20
       Constrict         |       |       |       |       |   167 |   237 |   242 |   181 |   448 ||  1275
       Executioner's axe |       |       |       |       |       |       |       |       |   155 ||   155
       Tailslap          |       |       |       |       |       |       |       |       |   124 ||   124
 Cast: Necromutation     |       |       |       |       |       |       |     1 |     2 |    10 ||    13
       Shatter           |       |       |       |       |       |       |       |     1 |    42 ||    43
       Deflect Missiles  |       |       |       |       |       |       |       |       |     3 ||     3
       Iron Shot         |       |       |       |       |       |       |       |       |     1 ||     1
Invok: Temporal Distorti |       |       |       |       |       |     1 |       |       |       ||     1
 Abil: Spit Poison       |       |     9 |     2 |     1 |     1 |     2 |       |       |       ||    15
       Evoke Berserk Rag |       |     2 |     1 |       |       |       |       |       |       ||     3
       End Transformatio |       |       |       |       |       |       |       |     2 |    10 ||    12
Evoke: Wand              |       |       |       |       |       |     2 |     4 |       |     1 ||     7
       Sack of spiders   |       |       |       |       |       |       |       |       |     3 ||     3
       Lightning rod     |       |       |       |       |       |       |       |       |     2 ||     2
       Lamp of fire      |       |       |       |       |       |       |       |       |     1 ||     1
       Phial of floods   |       |       |       |       |       |       |       |       |     1 ||     1
       Phantom mirror    |       |       |       |       |       |       |       |       |     1 ||     1
  Use: Scroll            |     1 |     4 |     1 |     6 |     6 |     6 |     2 |     6 |    24 ||    56
       Potion            |       |       |     6 |       |       |     5 |     1 |     5 |    39 ||    56
 Stab: Sleeping          |     7 |     6 |     7 |    26 |    28 |    16 |    12 |     6 |    13 ||   121
       Distracted        |       |       |       |     2 |     8 |       |     2 |     5 |    20 ||    37
       Petrifying        |       |       |       |       |     1 |       |       |       |     3 ||     4
       Petrified         |       |       |       |       |     1 |       |       |       |       ||     1
       Confused          |       |       |       |       |       |       |       |       |     2 ||     2
  Eat: Chunk             |     6 |    11 |    21 |    20 |    23 |    27 |    13 |       |       ||   121
       Ration            |       |       |     1 |     5 |     3 |     1 |       |     3 |     3 ||    16
Armor: Robe              |    60 |    66 |    24 |       |       |       |       |       |       ||   150
       Troll leather arm |       |       |    96 |    68 |    45 |     9 |    18 |       |       ||   236
       Skin              |       |       |    20 |       |       |       |       |       |       ||    20
       Scale mail        |       |       |       |       |       |   266 |   309 |   364 |   467 ||  1406
       Acid dragon scale |       |       |       |       |       |       |       |       |   676 ||   676
Dodge: Dodged            |   110 |   104 |   313 |   492 |   732 |  1539 |  1105 |  1170 |  3265 ||  8830
       Deflected         |       |       |       |       |       |   123 |    73 |    88 |   140 ||   424
       Rpst.: Whip       |       |    52 |    18 |       |       |       |       |       |       ||    70
       Long sword        |       |       |   172 |   107 |       |       |       |       |       ||   279
       Battleaxe         |       |       |       |   143 |   355 |   403 |   432 |   403 |  1040 ||  2776
       War axe           |       |       |       |     7 |     2 |       |       |       |       ||     9
       Executioner's axe |       |       |       |       |       |       |       |       |   145 ||   145
